Map: Arctic Dream LE

Players

qqq

  • Race: Zerg Zerg
  • League: Platinum
  • Spawn Location: 5:00

Massa

  • Race: Terran Terran
  • League: Platinum
  • Spawn Location: 6:00

uzi - Winner!

  • Race: Protoss Protoss
  • Spawn Location: 12:00

Lichtkrieger - Winner!

  • Race: Terran Terran
  • League: Diamond
  • Spawn Location: 11:00

VOD

Have the link to the VOD?

Description

Time

  • Played on: Sept. 29, 2020, 3:43 p.m.
  • Length: 11:22
Show
View Real Time Build Order
Export as new Build Order

qqq Zerg 

Build Orders: Hatch First 

Get SALT Encoding   

  12  0:03  Drone  
  13  0:31  Hatchery  
  12  0:36  Drone  
  12  0:40  Drone  
  14  0:56  Spawning Pool  
  13  1:10  Drone  
  14  1:13  Overlord  
  14  1:14  Extractor  
  14  1:15  Drone  
  14  1:32  Drone  
  15  1:37  Drone  
  16  1:43  Drone  
  16  1:45  Drone  
  18  1:56  Drone  
  18  1:58  Drone, Queen  
  22  2:06  Drone  
  23  2:10  Drone  
  23  2:13  Queen  
  26  2:19  Overlord  
  26  2:32  Roach Warren  
  26  2:36  Lair  
  25  2:40  Drone  
  25  2:42  Drone  
  27  2:45  Drone  
  27  2:48  Drone  
  27  2:51  Drone  
  30  2:56  Extractor  
  30  2:57  Overlord  
  29  3:01  Drone  
  30  3:11  Drone  
  31  3:13  Drone x2  
  33  3:22  Roach  
  33  3:24  Drone x2  
  37  3:31  Roach  
  39  3:35  Drone, Roach  
  39  3:36  Roach  
  39  3:38  Glial Reconstitution  
  44  3:43  Overlord  
  44  3:45  Overlord  
  44  4:01  Overlord  
  44  4:03  Roach x2  
  44  4:04  Roach  
  44  4:05  Roach  
  44  4:08  Ravager  
  44  4:09  Drone  
  55  4:10  Drone  
  55  4:11  Roach  
  55  4:12  Roach  
  59  4:20  Roach  
  59  4:21  Roach  
  63  4:29  Roach x2  
  63  4:30  Overlord  
  68  4:45  Roach x2  
  64  5:06  Roach x4  
  76  5:07  Roach x2  
  76  5:14  Overlord x3  
  72  5:35  Drone  
  72  5:38  Drone  
  72  5:39  Roach x3  
  80  5:48  Roach x3  
  80  5:49  Roach  
  64  6:20  Spore Crawler  
  64  6:22  Spore Crawler  
  64  6:24  Spore Crawler  
  61  6:27  Drone x5  
  61  6:28  Drone  
  61  6:30  Hydralisk Den, Spore Crawler  
  61  6:31  Spore Crawler x2  
  63  6:34  Hatchery  
  62  6:45  Drone x4  
  66  6:54  Drone  
  66  6:55  Drone x4  
  66  6:56  Drone  
  72  7:03  Roach x2  
  72  7:04  Drone  
  72  7:08  Drone x2  
  79  7:11  Extractor  
  79  7:13  Extractor, Spore Crawler  
  79  7:14  Drone  
  77  7:18  Hatchery  
  77  7:21  Muscular Augments  
  76  7:25  Drone  
  76  7:26  Drone x2  
  76  7:29  Hydralisk  
  81  7:43  Drone  
  81  7:44  Drone x3, Hydralisk  
  85  7:45  Hydralisk x2  
  91  7:52  Overlord x2  
  91  8:00  Overlord  
  81  8:23  Spire  
  81  8:27  Hydralisk  
  81  8:28  Hydralisk x2, Lurker Den  
  81  8:29  Drone x3  
  81  8:30  Drone x3  
  81  8:32  Grooved Spines  
  88  8:35  Roach x3  
  94  8:43  Zergling x2  
  94  8:44  Zergling x4  
  94  8:46  Roach x2  
  101  8:52  Drone x3  
  104  9:19  Roach x3  
  106  9:29  Lurker x2  
  106  9:30  Lurker  
  109  9:36  Zergling x4  
  109  9:37  Zergling x8  
  109  9:38  Drone x5  
  101  10:03  Infestation Pit  
  77  10:30  Hydralisk x3  
  77  10:31  Roach  
  77  10:32  Roach x2  
  77  10:33  Drone x3, Roach x3  
  95  10:44  Drone x2  
  95  10:46  Roach x2  
  103  11:00  Hatchery x2  
  103  11:10  Hatchery  
Show
View Real Time Build Order
Export as new Build Order

Massa Terran 

Build Orders:  

Get SALT Encoding   

  12  0:00  SCV  
  13  0:12  SCV  
  14  0:18  Supply Depot  
  14  0:25  SCV  
  15  0:39  SCV  
  15  0:41  Barracks  
  16  0:51  SCV  
  16  0:52  Refinery  
  17  1:03  SCV  
  18  1:15  SCV  
  19  1:28  SCV  
  20  1:36  Reaper  
  20  1:39  Command Center  
  21  1:43  Orbital Command  
  21  2:07  Marine  
  22  2:15  SCV  
  23  2:21  Factory  
  23  2:28  Supply Depot  
  23  2:49  SCV  
  24  2:51  Barracks Reactor  
  24  2:57  Orbital Command  
  24  3:01  SCV  
  25  3:13  SCV  
  25  3:25  SCV x2  
  27  3:29  Refinery  
  27  3:35  Barracks Tech Lab, Command Center  
  27  3:37  SCV  
  27  3:38  Engineering Bay  
  27  3:41  SCV  
  29  3:49  SCV  
  29  3:50  Starport  
  29  3:51  Hellion x2  
  29  3:53  SCV  
  35  4:01  SCV  
  36  4:03  Stimpack  
  36  4:04  Marauder  
  36  4:05  SCV  
  36  4:09  Missile Turret  
  39  4:12  Hellion x2  
  39  4:13  SCV  
  44  4:17  SCV  
  45  4:25  SCV  
  46  4:32  Supply Depot  
  46  4:33  Supply Depot  
  46  4:44  SCV  
  45  4:47  Hellion x2, Marauder, Medivac  
  46  5:08  Widow Mine x2  
  46  5:09  Marauder  
  52  5:23  Orbital Command  
  52  5:29  Barracks x2, Liberator  
  52  5:30  Marauder  
  52  5:33  Barracks  
  57  5:52  Widow Mine x2  
  57  5:55  Terran Infantry Weapons Level 1  
  57  5:56  SCV x2, Orbital Command  
  63  6:08  SCV x2  
  65  6:20  SCV x2  
  67  6:28  Missile Turret  
  67  6:30  Missile Turret  
  67  6:31  Missile Turret  
  67  6:32  Missile Turret  
  67  6:33  Missile Turret  
  67  6:36  SCV x3  
  64  6:45  Widow Mine x2  
  66  6:48  SCV  
  66  6:50  Missile Turret  
  66  6:51  Missile Turret  
  66  6:52  Missile Turret  
  66  6:53  Missile Turret x2  
  67  6:54  Missile Turret  
  67  6:55  Missile Turret  
  67  6:56  Barracks Tech Lab, Missile Turret  
  67  6:57  Barracks Reactor x2, Missile Turret  
  67  6:59  Marauder  
  69  7:14  Missile Turret  
  69  7:17  Missile Turret x2  
  69  7:18  Widow Mine  
  69  7:19  Widow Mine  
  69  7:20  Marauder  
  75  7:33  Marauder  
  77  7:44  Supply Depot  
  77  7:49  Supply Depot  
  77  7:54  Marine  
  77  7:55  Widow Mine  
  77  8:05  Widow Mine, Marauder x2, Marine x2  
  85  8:10  Marine  
  85  8:12  Marine  
  87  8:23  Marine x2  
  87  8:26  Marine x2  
  91  8:28  Marine  
  91  8:30  Marine  
  91  8:33  Armory  
  93  8:40  Marine x2  
  91  8:45  Marauder  
  93  8:51  Supply Depot x2  
  93  8:54  Supply Depot  
  93  8:58  Supply Depot  
  93  9:00  Supply Depot  
  93  9:01  Supply Depot  
  93  9:02  Supply Depot  
  93  9:12  Marine x5  
  93  9:13  Marauder  
  93  9:16  Supply Depot  
  100  9:18  Supply Depot  
  100  9:26  Supply Depot  
  100  9:27  Supply Depot  
  100  9:28  Command Center  
  100  9:30  Marauder, Marine x4  
  102  9:34  Marauder  
  101  9:40  Combat Shield  
  101  9:48  Marine x4  
  101  9:52  Marauder  
  107  9:55  Marauder  
  107  9:59  Medivac  
  109  10:01  Widow Mine  
  109  10:05  Marine  
  105  10:13  Marauder  
  101  10:17  Marauder  
  78  10:22  Marine x3  
  78  10:23  Marine  
  71  10:29  Medivac  
  71  10:35  Marauder  
  67  10:38  Marauder  
  67  10:39  Marine  
  67  10:40  Marine x2  
  67  10:41  Marine  
  71  10:46  Orbital Command  
  65  10:56  Marauder  
  67  10:57  Marine  
  67  10:58  Marine x2, Ghost Academy  
  67  10:59  Marauder, Marine, Ghost Academy  
Show
View Real Time Build Order
Export as new Build Order

uzi Protoss - Winner!

Build Orders:  

Get SALT Encoding   

  12  0:00  Probe  
  13  0:12  Probe  
  14  0:21  Pylon  
  14  0:25  Probe  
  15  0:39  Probe (Chrono Boost)  
  15  0:41  Gateway  
  16  0:48  Probe (Chrono Boost)  
  16  0:49  Assimilator  
  17  0:53  Probe (Chrono Boost)  
  18  1:05  Probe (Chrono Boost)  
  19  1:18  Probe (Chrono Boost), Pylon  
  20  1:25  Probe (Chrono Boost)  
  21  1:31  Cybernetics Core  
  21  1:32  Probe  
  22  1:44  Probe  
  23  1:56  Nexus  
  23  2:01  Probe  
  23  2:04  Stalker (Chrono Boost)  
  26  2:09  Warp Gate (Chrono Boost)  
  26  2:15  Probe  
  27  2:18  Assimilator  
  27  2:29  Pylon  
  27  2:31  Probe  
  28  2:41  Pylon  
  28  2:44  Probe  
  29  2:46  Gateway  
  29  2:56  Probe, Gateway  
  30  3:08  Probe  
  30  3:11  Probe  
  32  3:20  Probe  
  32  3:21  Gateway  
  32  3:23  Probe  
  34  3:32  Probe  
  35  3:35  Probe  
  36  3:45  Probe  
  36  3:47  Probe  
  38  3:51  Stalker x2  
  38  3:52  Stalker  
  44  3:57  Probe, Assimilator  
  44  3:59  Probe  
  46  4:09  Probe  
  47  4:16  Stalker x3  
  47  4:17  Stalker  
  55  4:26  Probe x2  
  55  4:29  Robotics Facility  
  57  4:34  Pylon  
  57  4:36  Pylon  
  53  5:02  Stalker x4  
  59  5:16  Probe x2  
  61  5:27  Immortal (Chrono Boost)  
  61  5:28  Probe  
  61  5:31  Probe  
  61  5:33  Robotics Bay  
  67  5:36  Assimilator  
  67  5:41  Probe, Pylon  
  68  5:43  Probe  
  68  5:46  Gateway  
  68  5:49  Pylon  
  69  5:50  Pylon  
  69  5:53  Probe  
  69  5:55  Probe  
  69  5:57  Stalker x2  
  69  5:58  Stalker x2  
  73  6:05  Probe  
  73  6:07  Probe  
  69  6:19  Colossus (Chrono Boost)  
  73  6:44  Extended Thermal Lance (Chrono Boost)  
  73  6:45  Probe x2  
  73  6:46  Stalker x2  
  73  6:47  Stalker x3  
  85  6:57  Probe x2  
  85  7:01  Pylon  
  87  7:03  Pylon  
  87  7:09  Probe, Observer (Chrono Boost)  
  87  7:11  Probe  
  87  7:12  Nexus  
  87  7:15  Pylon  
  90  7:17  Pylon  
  90  7:20  Observer (Chrono Boost)  
  90  7:21  Probe, Pylon  
  91  7:23  Probe  
  91  7:24  Pylon  
  93  7:33  Probe  
  93  7:35  Forge  
  94  7:37  Forge  
  94  7:41  Probe  
  95  7:54  Shield Battery, Stalker x5  
  95  7:56  Colossus (Chrono Boost)  
  95  7:57  Shield Battery  
  111  8:19  Photon Cannon, Stalker  
  113  8:20  Stalker x2  
  113  8:27  Probe  
  113  8:28  Probe x2  
  114  8:40  Probe x3  
  115  8:52  Probe x3, Assimilator  
  118  8:56  Protoss Ground Weapons Level 1 (Chrono Boost)  
  118  8:57  Assimilator, Protoss Ground Armor Level 1 (Chrono Boost)  
  118  9:01  Colossus  
  124  9:04  Probe x3  
  127  9:16  Probe x3  
  130  9:28  Probe x3, Stalker x5  
  143  9:56  Stalker x3  
  143  9:57  Stalker x2  
  153  10:04  Colossus  
  141  10:27  Stalker x5  
  144  10:39  Probe x2  
  146  10:43  Pylon  
  146  10:44  Pylon  
  146  10:46  Pylon  
  146  10:48  Pylon  
  146  10:50  Pylon  
  146  10:55  Gateway  
  146  10:58  Observer, Gateway  
  146  10:59  Gateway  
  146  11:02  Gateway  
  146  11:03  Stalker x5  
  157  11:04  Gateway  
  157  11:10  Gateway  
  157  11:12  Gateway  
  157  11:15  Gateway  
  157  11:18  Gateway  
Show
View Real Time Build Order
Export as new Build Order

Lichtkrieger Terran - Winner!

Build Orders: Hellion Opening 

Get SALT Encoding   

  12  0:02  SCV  
  14  0:14  SCV  
  14  0:18  Supply Depot  
  14  0:26  SCV  
  14  0:28  Refinery  
  15  0:39  SCV  
  16  0:44  Barracks  
  16  0:53  SCV  
  17  1:05  SCV  
  18  1:17  SCV  
  19  1:29  SCV  
  19  1:32  Reaper  
  21  1:44  Command Center  
  21  1:45  Supply Depot  
  21  1:52  Orbital Command  
  21  2:10  Barracks Reactor, Factory  
  21  2:19  SCV  
  21  2:20  Refinery  
  22  2:37  SCV  
  23  2:49  SCV  
  24  2:57  Starport  
  25  3:00  Hellion x2  
  25  3:03  Orbital Command  
  28  3:21  Barracks Tech Lab, Hellion x2  
  32  3:32  SCV x2  
  34  3:36  Fusion Core  
  34  3:43  Hellion x2  
  34  3:44  SCV x2  
  40  3:56  SCV x2  
  42  4:08  SCV x2  
  42  4:09  Armory  
  44  4:19  Supply Depot  
  44  4:20  SCV x2  
  46  4:32  SCV x2  
  46  4:44  SCV  
  47  4:51  Battlecruiser  
  49  5:09  Hellion x2  
  53  5:15  SCV x2  
  52  5:30  Hellion  
  52  5:31  Hellion  
  52  5:34  Barracks Tech Lab  
  52  5:37  SCV x2  
  52  5:38  Factory  
  52  5:39  Factory  
  52  5:40  Refinery  
  52  5:41  Refinery  
  54  5:49  SCV x2  
  56  5:51  Hellion  
  56  5:52  Hellion  
  60  6:01  SCV  
  59  6:13  Hellion  
  59  6:14  Hellion  
  61  6:25  Factory Tech Lab  
  61  6:26  Factory Tech Lab  
  61  6:34  Hellion  
  61  6:36  Hellion  
  61  6:48  SCV  
  61  6:49  SCV  
  63  6:56  Cyclone, Hellion  
  63  6:57  Hellion  
  70  7:11  SCV x2, Cyclone, Supply Depot  
  70  7:12  Supply Depot  
  75  7:17  Hellion  
  77  7:23  SCV  
  78  7:32  SCV, Cyclone  
  78  7:33  Hellion  
  78  7:34  Supply Depot  
  78  7:36  Supply Depot  
  82  7:38  Mag-Field Accelerator  
  79  8:05  SCV x2  
  79  8:09  Cyclone  
  79  8:10  Cyclone, Hellion  
  85  8:22  Hellion  
  85  8:25  Terran Vehicle And Ship Armor Level 1  
  87  8:32  Hellion  
  89  8:41  Cyclone  
  89  8:42  Cyclone  
  89  8:43  Hellion  
  95  9:04  Command Center  
  95  9:07  Refinery  
  95  9:08  Refinery  
  95  9:13  Cyclone  
  95  9:14  Cyclone  
  95  9:16  Fusion Core  
  96  9:56  Cyclone  
  96  9:57  Cyclone  
  96  9:58  Hellion x2  
  87  10:19  Hellion x2  
  87  10:28  Siege Tank  
  87  10:29  Siege Tank  
  93  10:41  Hellion  
  95  10:45  SCV x3  
  98  10:56  Starport  
  98  10:57  SCV x3  
  104  11:09  SCV x2  
  106  11:12  Command Center  
  106  11:16  Command Center  
Tags
 
Add a new tag
Caveats
  • Supply blocks, unpowered buildings, or Contaminate may cause inaccurate times.
  • Supply counts are checked every 10 seconds.